 Dungeon Crawl Stone Soup version 0.20.1-1-g8b1a95d (webtiles) character file.

1446 Peloso the Shield-Bearer (level 8, -1/72 HPs)
             Began as a Deep Dwarf Fighter on Aug 13, 2017.
             Slain by a slime creature (3 damage)
             ... on level 5 of the Dungeon.
             The game lasted 00:13:57 (4192 turns).

Peloso the Shield-Bearer (Deep Dwarf Fighter)       Turns: 4192, Time: 00:13:58

Health: -1/72      AC:  8    Str: 21    XL:     8   Next: 46%
Magic:  3/3        EV: 16    Int: 10    God:
Gold:   245        SH: 10    Dex: 12    Spells: 7/7 levels left

rFire    + . .     SeeInvis .   h - +4 mace
rCold    x . .     Gourm    .   c - +0 shield
rNeg     . . .     Faith    .   b - +0 scale mail
rPois    .         Spirit   .   (no helmet)
rElec    .         Reflect  .   B - scarf {repulsion}
rCorr    .         Harm     .   l - +0 pair of gloves
MR       +....                  (no boots)
Stlth    ..........             (no amulet)
Regen    0.0/turn               G - ring of fire
MPRegen  0.1/turn               w - +6 ring of evasion

@: non-regenerating, repel missiles
A: damage resistance, heal wounds, sense surroundings 1, no regeneration
a: Heal Wounds


You were on level 5 of the Dungeon.
You were not hungry.

You visited 1 branch of the dungeon, and saw 5 of its levels.
You also visited: Sewer.

You collected 245 gold pieces.

Inventory:

Hand Weapons
 a - a +0 long sword
 h - a +4 mace (weapon)
 K - a +1 great sword of holy wrath
Missiles
 y - 4 tomahawks (quivered)
Armour
 b - a +0 scale mail (worn)
 c - a +0 shield (worn)
 l - a +0 pair of gloves (worn)
 x - a +1 cloak
 B - a scarf of repulsion (worn)
Jewellery
 v - an uncursed ring of protection from magic
 w - a +6 ring of evasion (right hand)
 G - a ring of fire (left hand)
 I - an uncursed ring of protection from magic
Wands
 s - a wand of iceblast (8/15)
Scrolls
 i - a scroll of amnesia
 j - 4 scrolls of identify
 k - 3 scrolls of remove curse
 m - a scroll of vulnerability {unknown}
 o - 2 scrolls of enchant weapon {unknown}
 r - a scroll of magic mapping {unknown}
 t - 2 scrolls of random uselessness {unknown}
 u - 7 scrolls of teleportation {unknown}
 C - a scroll of recharging {unknown}
 D - a scroll of blinking {unknown}
 F - a scroll of fog {unknown}
Potions
 d - 2 potions of might
 e - 2 potions of agility
 p - a potion of curing
 q - 2 potions of flight
 z - a potion of berserk rage
 A - a potion of brilliance
 H - a potion of cancellation
Books
 L - a Young Poisoner's Handbook

   Spells                             Type                      Level
   a - Sting                          Conjuration/Poison           1
   b - Poisonous Vapours              Poison/Air                   2
   c - Mephitic Cloud                 Conjuration/Poison/Air       3
   d - Olgreb's Toxic Radiance        Poison                       4
   e - Venom Bolt                     Conjuration/Poison           5
Comestibles
 f - 5 bread rations
 g - 2 royal jellies
 n - 3 fruits
 E - 2 meat rations
 J - a chunk of flesh


   Skills:
 + Level 4.0 Fighting
 + Level 2.3 Long Blades
 + Level 5.8 Maces & Flails
 + Level 6.2 Armour
 + Level 3.5 Dodging
 + Level 6.4 Shields


You had 7 spell levels left.
You didn't know any spells.

Dungeon Overview and Level Annotations

Branches:
Dungeon (5/15)
 Temple: D:4-7

Altars:
Elyvilon
Gozag
Vehumet
The Shining One


Innate Abilities, Weirdness & Mutations

You are resistant to damage.
You can heal yourself by infusing magical energy.
You passively map a small area around you.
You do not regenerate.


Message History

The slime creature hits you!
You thump the slime creature!
The slime creature is moderately wounded.
You block the slime creature's attack.
You hit the slime creature.
The slime creature is moderately wounded.
You block the slime creature's attack. The slime creature hits you!
* * * LOW HITPOINT WARNING * * *
You sock the slime creature!
The slime creature is heavily wounded.
The slime creature hits you!
* * * LOW HITPOINT WARNING * * *
You hit the slime creature.
The slime creature is heavily wounded.
The slime creature hits you.
* * * LOW HITPOINT WARNING * * *
You sock the slime creature!
The slime creature is severely wounded.
The slime creature hits you.
You die...

.####### ** ,
........ , ,
.####### .#
,, .# * *
.########* ,
, # .........
,.# .########
*#######'# .#
##...@J.# .#
#.######## .#
##..'....# *
## *
####....# *
.# ,
#.......# .#
######
#.......# ,*
.###.....
#.......# ,*
* .....# ,
#.......# ,
.##..#
*,*##.....##*
**


You could see a slime creature.

Vanquished Creatures
  Grinder (D:3)
  4 big kobolds (D:5)
  A scorpion (D:4)
  6 killer bees (D:5)
  The ghost of letownia the Insei, a weakling OpTm (D:3)
  2 bullfrog zombies
  A jelly (D:5)
  Crazy Yiuf (D:3)
  A hound (D:4)
  An orc priest (D:4)
  Ijyb (D:3)
  5 orc wizards
  A worker ant (D:5)
  A howler monkey skeleton (D:5)
  8 adders
  5 oozes (Sewer)
  8 worms
  3 dart slugs
  6 leopard geckos
  13 orcs
  12 bats
  5 giant cockroaches
  7 goblins
  10 hobgoblins
  10 jackals
  2 quokkas
  2 ball pythons
  4 frilled lizards
  A jackal skeleton (D:5)
  12 kobolds
  2 leopard gecko skeletons (D:4)
  6 rats
  A fungus (D:3)
144 creatures vanquished.

Vanquished Creatures (others)
  A quokka (D:3)
  9 toadstools (D:5)
10 creatures vanquished.

Grand Total: 154 creatures vanquished

Notes
Turn   | Place    | Note
-------+----------+-------------------------------------------
     0 | D:1      | Peloso the Deep Dwarf Fighter began the quest for the Orb.
     0 | D:1      | Reached XP level 1. HP: 20/20 MP: 1/1
   173 | D:1      | Reached XP level 2. HP: 22/27 MP: 2/2
   512 | D:1      | Reached XP level 3. HP: 17/33 MP: 3/3
   937 | D:2      | Reached skill level 1 in Maces & Flails
   937 | D:2      | Reached skill level 1 in Dodging
  1104 | D:2      | Reached XP level 4. HP: 17/42 MP: 4/4
  1442 | D:3      | Found an opulent altar of Gozag.
  1447 | D:3      | Noticed Ijyb
  1463 | D:3      | Killed Ijyb
  1516 | D:3      | Reached XP level 5. HP: 11/49 MP: 5/5
  1546 | D:3      | Noticed letownia's ghost (weakling OpTm)
  1562 | D:3      | Killed letownia's ghost
  1585 | D:3      | Noticed Grinder
  1592 | D:3      | Killed Grinder
  1592 | D:3      | Reached XP level 6. HP: 23/56 MP: 5/5
  1610 | D:3      | Found a glowing drain.
  1619 | Sewer    | Entered a sewer
  2266 | D:3      | Found a white marble altar of Elyvilon.
  2389 | D:3      | Reached XP level 7. HP: 27/62 MP: 4/4
  2861 | D:3      | Found a runed door.
  2865 | D:3      | Noticed Crazy Yiuf
  2879 | D:3      | Killed Crazy Yiuf
  3164 | D:4      | Reached skill level 5 in Shields
  3279 | D:4      | Reached skill level 5 in Armour
  3430 | D:4      | Found a glowing golden altar of the Shining One.
  3539 | D:5      | Entered Level 5 of the Dungeon
  3590 | D:5      | Reached skill level 5 in Maces & Flails
  3657 | D:5      | Reached XP level 8. HP: 12/72 MP: 4/4
  4068 | D:5      | Found a radiant altar of Vehumet.
  4182 | D:5      | Noticed a slime creature
  4190 | D:5      | HP: 3/72 [slime creature (8)]
  4192 | D:5      | Slain by a slime creature

Skill      XL: |  1  2  3  4  5  6  7  8 |
---------------+-------------------------+-----
Fighting       | 3 4 |  4.0
Armour         | 4 5 6 |  6.2
Maces & Flails | 1 2 3 4 5 |  5.8
Dodging        | 1 2 3 |  3.5
Shields        | 4 5 6 |  6.4
Long Blades    | |  2.3

Action                   |  1- 3 |  4- 6 |  7- 9 || total
-------------------------+-------+-------+-------++-------
Melee: Mace              |    98 |   161 |   284 ||   543
       Long sword        |     4 |       |       ||     4
 Abil: Heal Wounds       |       |     3 |     9 ||    12
  Use: Scroll            |       |     5 |     5 ||    10
       Potion            |       |     2 |     1 ||     3
  Eat: Chunk             |       |     5 |     7 ||    12
Armor: Scale mail        |    55 |    76 |    63 ||   194
Dodge: Dodged            |    34 |    71 |   191 ||   296
Block: Shield            |    56 |   111 |   191 ||   358
